 Dungeon Crawl Stone Soup version 0.32-a0-540-g866d13106e (webtiles) character file.

Game seed: 1126469113968294768

5 HC7 the Grasshopper (level 1, -3/19 HPs)
             Began as a Troll Warper on Feb 28, 2024.
             Slain by a gnoll
             ... wielding a +0 club
              (5 damage)
             ... on level 1 of the Dungeon.
             The game lasted 00:00:17 (86 turns).

HC7 the Grasshopper (Troll Warper)                    Turns: 86, Time: 00:00:18

Health: -3/19      AC:  4    Str: 18    XL:     1   Next: 66%
Magic:  1/1        EV: 10    Int:  9    God:
Gold:   21         SH:  0    Dex:  9    Spells: 2/2 levels left

rFire   . . .        (no weapon)
rCold   . . .        (no shield)
rNeg    . . .        b - +0 robe
rPois   .            (helmet restricted)
rElec   .            (no cloak)
rCorr   .            (gloves unavailable)
SInv    .            (boots unavailable)
Will    .....        (no amulet)
Stlth   +            (no ring)
HPRegen 1.03/turn    (no ring)
MPRegen 0.07/turn

%: no passive effects
@: no status effects
A: large, unfitting armour, claws 3, regeneration 1, shaggy fur 1, tough skin 1
a: no special abilities


You were on level 1 of the Dungeon.
You visited 1 branch of the dungeon, and saw 1 of its levels.

You collected 21 gold pieces.

Inventory:

Hand Weapons
 a - a +0 spear
Missiles
 d - 7 darts of dispersal (quivered)
Armour
 b - a +0 robe (worn)
Scrolls
 c - a scroll of blinking
 e - a scroll of immolation {unknown}


   Skills:
 + Level 1.5 Fighting
 + Level 1.5 Polearms
 + Level 0.8 Throwing
 + Level 2.0 Dodging
 + Level 1.4 Spellcasting
 + Level 2.3 Translocations


You had 2 spell levels left.
You didn't know any spells.
Your spell library contained the following spells:

 Spells                   Type           Power      Damage    Failure   Level
 Blink                    Tloc           8%         N/A       22%         2
 Lesser Beckoning         Tloc           8%         N/A       22%         2
 Teleport Other           Tloc           4%         N/A       38%         3
 Manifold Assault         Tloc           4%         N/A       80%         4
 Vhi's Electric Charge    Tloc/Air       4%         N/A       91%         4


Dungeon Overview and Level Annotations

Branches:
Dungeon (1/15)

Altars:


Innate Abilities, Weirdness & Mutations

You are too large for most types of armour.
You have claws for hands.
Your natural rate of healing is unusually fast.
You are covered in fur. (AC +1)
You have tough skin. (AC +1)


Message History

You closely miss the rat. The rat completely misses you.
You scratch the rat.
You kill the rat!
You see here a rat corpse.
Found a leather armour.
A gnoll comes into view. It is wielding a +0 club.
The gnoll shouts!
A hobgoblin comes into view.
There are monsters nearby!
There are monsters nearby!
There are monsters nearby!
An endoplasm comes into view.
The endoplasm quivers.
A goblin comes into view. It is wielding a +0 club.
The endoplasm barely misses you.
You scratch the hobgoblin.
You kill the hobgoblin!
The gnoll hits you with a +0 club. The endoplasm freezes you.
You are frozen.
The goblin hits you but does no damage. The gnoll barely misses you.
You see here a hobgoblin corpse.
You scratch the goblin.
The goblin is moderately wounded.
The endoplasm hits you but does no damage.
The goblin hits you with a +0 club. The gnoll hits you with a +0 club.
You scratch the goblin but do no damage.
The goblin is moderately wounded.
The endoplasm hits you. The goblin hits you with a +0 club.
* * * LOW HITPOINT WARNING * * *
The gnoll barely misses you.
You miss the goblin.
The goblin is moderately wounded.
The endoplasm freezes you.
You are frozen.
* * * LOW HITPOINT WARNING * * *
The goblin hits you with a +0 club.
* * * LOW HITPOINT WARNING * * *
The gnoll hits you with a +0 club.
You die...

# ##### ....
.....### ....
.......# .....
.....#.# .[...#
#......###......
#########..J@g......
#.......##..g.......
#...................
#........##.#.......
#........##.......#.
#.......#####....##
#.......# ###...
#.......# #..
#.......# #.


You could see a gnoll, an endoplasm and a goblin.

Vanquished Creatures
  A goblin (D:1)
  A hobgoblin (D:1)
  A kobold (D:1)
  A ball python (D:1)
  A rat (D:1)
5 creatures vanquished.

Notes
Turn   | Place    | Note
-------+----------+-------------------------------------------
     0 | D:1      | HC7 the Troll Warper began the quest for the Orb.
     0 | D:1      | Reached XP level 1. HP: 19/19 MP: 1/1
    86 | D:1      | Slain by a gnoll

Illustrated notes

Levels and vault maps discovered:
D:1:      minmay_arrival_open_corners, layout_rooms

Skill      XL: |  1 |
---------------+----+-----
Dodging        | 2 |  2.0
Fighting       | |  1.5
Polearms       | |  1.5
Throwing       | |  0.8
Spellcasting   | |  1.4
Translocations | |  2.3

Action                     || total
---------------------------++-------
  Melee: Unarmed           ||    10
 Armour: Robe              ||    13
  Dodge: Dodged            ||     5

Table legend: (Time is in decaauts)
 A = Elapsed time spent in this place.
 B = Non-inter-level travel time spent in this place.
 C = Inter-level travel time spent in this place.
 D = Time resting spent in this place.
 E = Time spent auto-exploring this place.
 F = Levels seen in this place.
 G = Mean time per level.
                   A        B        C        D        E       F      G
               +--------+--------+--------+--------+--------+-----+--------+
         Total |     85 |     85 |      0 |      0 |     49 |   1 |   85.0 |
       Dungeon |     85 |     85 |      0 |      0 |     49 |   1 |   85.0 |
               +--------+--------+--------+--------+--------+-----+--------+

Top non-repeatable levels by time:
     D:1: 85 daAuts
